 Dungeon Crawl Stone Soup version 0.27-a0-1136-g0b992a5a9d (webtiles) character file.

Game seed: 14634912901893229476

2984 1player the Basher (level 9, 0/76 (78) HPs)
             Began as a Black Draconian Abyssal Knight on May 5, 2021.
             Was a High Priest of Lugonu.
             Slain by an orc warrior
             ... wielding a +1 glaive of freezing
              (3 damage)
             ... on level 8 of the Dungeon.
             The game lasted 00:24:05 (9544 turns).

1player the Basher (Black Draconian Abyssal Knight) Turns: 9544, Time: 00:24:06

HP:   0/76 (78)     AC:  7    Str: 18    XL:     9   Next: 53%
MP:   14/14         EV: 13    Int: 15    God:    Lugonu [*****.]
Gold: 353           SH:  0    Dex: 10    Spells: 8/8 levels left

rFire    . . .     SeeInvis .   a - +3 mace
rCold    . . .     Faith    .   (no shield)
rNeg     + . .     Spirit   .   (armour unavailable)
rPois    +         Reflect  .   (helmet restricted)
rElec    +         Harm     .   (no cloak)
rCorr    .         Rampage  .   (no gloves)
Will     .....                  (no boots)
Stlth    +.........             v - amulet of regeneration
HPRegen  1.22/turn              k - ring of positive energy
MPRegen  0.14/turn              w - ring "Demud" {rPois Int+2}

@: about to teleport, slowed, lightly drained, very slow
A: breathe lightning, AC +7, unfitting armour, electricity resistance,
cold-blooded
a: Breathe Lightning, Renounce Religion, Depart the Abyss, Bend Space, Banish,
Corrupt, Enter the Abyss


You were on level 8 of the Dungeon.
You worshipped Lugonu.
Lugonu was extremely pleased with you.
You visited 2 branches of the dungeon, and saw 9 of its levels.
You visited the Abyss 1 time.

You collected 353 gold pieces.

Inventory:

Hand Weapons
 a - a +3 mace (weapon)
 b - a +0 hunting sling of flaming
 r - a +0 flail
 L - a +2 mace
Missiles
 d - 576 stones (quivered)
 u - 4 sling bullets
 A - a throwing net
 C - 2 curare-tipped darts
 G - 8 poisoned darts
Jewellery
 k - a ring of positive energy (left hand)
 v - an amulet of regeneration (around neck)
 w - the ring "Demud" (right hand) {rPois Int+2}
   (You found it on level 5 of the Dungeon)

   [ring of poison resistance]

   It affects your intelligence (+2).
   It protects you from poison.
Wands
 y - a wand of mindburst (4)
 I - a wand of iceblast (7)
Scrolls
 f - 2 scrolls of teleportation
 i - a scroll of torment
 o - 2 scrolls of amnesia
 E - a scroll of fear
 F - a scroll of fog {unknown}
 H - a scroll of enchant armour {unknown}
 J - a scroll of noise {unknown}
 K - 2 scrolls of identify {@r1}
Potions
 e - a potion of curing {@q1}
 j - 2 potions of degeneration {unknown}
 n - a potion of lignification
 z - a potion of mutation {unknown}


   Skills:
 + Level 6.7 Fighting
 - Level 9.0 Maces & Flails
 - Level 6.0 Dodging
 + Level 6.7 Invocations


You had 8 spell levels left.
You didn't know any spells.
Your spell library contained the following spells:

 Spells                   Type           Power      Damage    Failure   Level
 Corona                   Hex            0%         N/A       26%         1
 Summon Small Mammal      Summ           0%         N/A       26%         1
 Call Imp                 Summ           0%         N/A       38%         2
 Ensorcelled Hibernation  Hex/Ice        0%         N/A       38%         2
 Poisonous Vapours        Pois/Air       0%         N/A       38%         2
 Call Canine Familiar     Summ           0%         N/A       63%         3
 Confusing Touch          Hex            0%         N/A       63%         3
 Conjure Flame            Conj/Fire      0%         6-21      63%         3
 Dazzling Flash           Conj/Hex       0%         N/A       63%         3
 Mephitic Cloud           Conj/Pois/Air  0%         N/A       63%         3
 Summon Guardian Golem    Hex/Summ       0%         N/A       63%         3
 Tukima's Dance           Hex            0%         N/A       63%         3
 Summon Ice Beast         Ice/Summ       0%         N/A       95%         4
 Summon Lightning Spire   Summ/Air       0%         N/A       95%         4
 Freezing Cloud           Conj/Ice/Air   0%         6-21      100%        6


Dungeon Overview and Level Annotations

Branches:
Dungeon (8/15)             Temple (1/1) D:4
   Lair: D:8-11

Altars:
Cheibriados
Dithmenos
Elyvilon
Fedhas
Gozag
Hepliaklqana
Kikubaaqudgha
Makhleb
Qazlal
Ru
Sif Muna
Trog
Uskayaw
Vehumet
Wu Jian
Xom
Yredelemnul
Zin
The Shining One

Annotations:
D:2 Robin


Innate Abilities, Weirdness & Mutations

You can breathe wild blasts of lightning.
Your glossy black scales are hard. (AC +7)
You cannot fit into any form of body armour.
You are resistant to electric shocks. (rElec)
You are cold-blooded and may be slowed by cold attacks.


Message History

The orc wizard points at you and mumbles some strange words.
You are confused.
Okay, then.
The orc warrior closely misses you.
The orc wizard points at itself and mumbles some strange words.
The orc wizard flickers and vanishes!
A sky beast appears from thin air!
Reactivating autopickup.
The orc misses you. The orc hits you but does no damage.
Something hits you but does no damage.
Deactivating autopickup; reactivate with Ctrl-A.
Unknown command.
You thump the orc!
You kill the orc!
Lugonu accepts your kill.
You thump the sky beast!
The sky beast is severely wounded.
The sky beast flickers out of sight!
Something hits you but does no damage. The orc warrior closely misses you.
Something hits you.
You're too confused to move!
You feel less confused. Something hits you. Something shocks you. You resist.
The orc warrior hits you from afar with a +1 glaive of freezing!
The orc warrior freezes you.
* * * LOW HITPOINT WARNING * * *
Something barely misses you.
Okay, then.
As you read the scroll of teleportation, it crumbles to dust.
You feel strangely unstable. Something hits you.
* * * LOW HITPOINT WARNING * * *
Something shocks you. You resist.
* * * LOW HITPOINT WARNING * * *
The orc warrior hits you from afar with a +1 glaive of freezing!
* * * LOW HITPOINT WARNING * * *
You feel yourself slow down. The orc warrior freezes you.
You die...

....P#....##'#######.
.P.P.......##......##
....P......##........
..P.PP.....'......# .P
##.P.......#......## ...
#.........#.......# P...
#.....o...#.......#
P.P.####....P.{.##......##
.....PP......@o.##......##.
....P...........##.........
..........)................
...........#....<.......##.
...........+............#
..........<#..............
...........#....##......##.
...........#+############
.#####.†...#


You could see an orc warrior and an orc.

Vanquished Creatures
  A wyvern (D:7)
  A yak (D:7)
  2 water moccasins
  A hornet zombie (D:6)
  3 orc warriors (D:6)
  2 black bears (D:7)
  An ice beast (D:6)
  2 ogres
  2 kobold brigands
  3 bullfrogs
  A scorpion (D:7)
  2 wights
  A howler monkey (D:4)
  A bullfrog zombie (D:7)
  2 centaur zombies
  3 hounds (D:5)
  A jelly (D:6)
  2 orc priests
  2 bullfrog skeletons (D:6)
  4 centaur skeletons
  An iguana (D:6)
  A killer bee zombie (D:7)
  25 gnolls
  4 adders
  A shadow imp (D:5)
  4 white imps
  2 ufetubi
  2 dart slugs
  15 orcs
  10 endoplasms
  4 giant cockroaches
  11 goblins
  9 hobgoblins
  18 jackals
  44 kobolds
  7 quokkas
  4 ball pythons
  8 bats
  3 frilled lizards
  6 rats
216 creatures vanquished.

Vanquished Creatures (others)
  15 fungi (D:8)
  13 plants
  6 withered plants (D:1)
34 creatures vanquished.

Grand Total: 250 creatures vanquished

Notes
Turn   | Place    | Note
-------+----------+-------------------------------------------
     0 | Abyss:1  | 1player the Draconian Abyssal Knight began the quest for
                  | the Orb.
     0 | Abyss:1  | Reached XP level 1. HP: 19/19 MP: 2/2
    40 | Abyss:1  | Noticed a starcursed mass
    43 | D:1      | Escaped the Abyss
   555 | D:1      | Reached * piety under Lugonu
   606 | D:1      | Reached XP level 2. HP: 20/26 MP: 3/3
   788 | D:1      | Reached skill level 3 in Maces & Flails
  1148 | D:1      | Reached XP level 3. HP: 25/31 MP: 4/4
  1427 | D:1      | Found a faded altar of an unknown god.
  2104 | D:2      | Reached skill level 4 in Maces & Flails
  2198 | D:2      | Reached ** piety under Lugonu
  2199 | D:2      | Reached XP level 4. HP: 18/38 MP: 5/5
  2770 | D:2      | Noticed Robin
  3319 | D:3      | Reached skill level 5 in Maces & Flails
  3442 | D:3      | Noticed an ogre
  3614 | D:4      | Found a staircase to the Ecumenical Temple.
  3626 | Temple   | Entered the Ecumenical Temple
  3765 | D:4      | Noticed an ogre
  4064 | D:3      | Reached *** piety under Lugonu
  4234 | D:4      | Found an ornate altar of the Wu Jian Council.
  4381 | D:5      | Entered Level 5 of the Dungeon
  4692 | D:5      | Reached XP level 5. HP: 45/45 MP: 6/6
  4945 | D:5      | Reached skill level 6 in Maces & Flails
  5125 | D:5      | Identified the ring "Demud" {rPois Int+2}
  5235 | D:5      | Reached XP level 6. HP: 37/51 MP: 8/8
  5745 | D:5      | Noticed a water moccasin
  5765 | D:5      | Killed a water moccasin
  5766 | D:5      | Your scales start taking on a glossy black colour.
  5766 | D:5      | Reached XP level 7. HP: 31/59 MP: 9/9
  5766 | D:5      | Gained mutation: You are resistant to electric shocks.
                  | (rElec) [Black Draconian growth]
  6124 | D:5      | Reached **** piety under Lugonu
  6280 | D:5      | Reached skill level 5 in Fighting
  6567 | D:5      | Found a shimmering blue altar of Sif Muna.
  6567 | D:5      | Found a glowing silver altar of Zin.
  7039 | D:6      | Reached skill level 5 in Invocations
  7160 | D:6      | Reached XP level 8. HP: 58/70 MP: 11/11
  7555 | D:6      | Reached skill level 5 in Dodging
  8050 | D:7      | Reached skill level 7 in Maces & Flails
  8198 | D:7      | Reached XP level 9. HP: 61/75 MP: 13/13
  9043 | D:7      | Reached ***** piety under Lugonu
  9044 | D:7      | Reached skill level 8 in Maces & Flails
  9118 | D:8      | Noticed a troll
  9262 | D:7      | Reached skill level 9 in Maces & Flails
  9296 | D:7      | HP: 2/108 [wight/+3 mace (5)]
  9298 | D:7      | Banished a troll
  9544 | D:8      | HP: 3/76 [orc warrior/+1 glaive of freezing (11)]
  9544 | D:8      | Slain by an orc warrior

Illustrated notes

Levels and vault maps discovered:
D:1:      lemuel_arrival_broad_hall, layout_basic,
          shapermc_ecumenical_altar_flowoftime, serial_bayou_pond_b
D:2:      layout_rooms, hangedman_decor_clover_reticule, uniq_robin
D:3:      layout_rooms, serial_bayou_pond_b
D:4:      layout_rooms, nzn_wu_jian_contemplation, minmay_temple_entry_poolview
D:5:      minmay_goblin_kobold_castle, layout_basic,
          gammafunk_temple_overflow_elements
D:6:      kennysheep_spiral_hall, layout_cave_pods
D:7:      layout_basic
D:8:      layout_gridville, nemelex_xobeh_ov_fountains_minmay,
          grunt_lair_entry_orc_guard_hut
Temple:   nicolae_temple_x_marks_the_god

Skill      XL: |  1  2  3  4  5  6  7  8  9 |
---------------+----------------------------+-----
Maces & Flails | 3 4 5 6 7 9 |  9.0
Invocations    | 3 5 6 |  6.7
Fighting       | 4 5 6 |  6.7
Dodging        | 3 4 5 6 |  6.0

Action                   |  1- 3 |  4- 6 |  7- 9 || total
-------------------------+-------+-------+-------++-------
Melee: Mace              |   127 |    12 |   256 ||   395
       Tailslap          |    14 |    26 |    42 ||    82
       Whip              |    40 |   242 |       ||   282
 Fire: Hunting sling     |       |    71 |   155 ||   226
Throw: Stone             |       |     3 |     1 ||     4
Invok: Depart the Abyss  |     1 |       |       ||     1
       Bend Space        |       |     3 |       ||     3
       Banish            |       |       |     1 ||     1
 Abil: Breathe Lightning |       |       |    28 ||    28
Evoke: Wand              |       |     5 |       ||     5
  Use: Scroll            |     1 |     2 |    10 ||    13
       Potion            |       |       |     5 ||     5
 Stab: Distracted        |       |     1 |       ||     1
Armor: Skin              |    61 |    67 |   106 ||   234
Dodge: Dodged            |   111 |   164 |   272 ||   547

Table legend: (Time is in decaauts)
 A = Elapsed time spent in this place.
 B = Non-inter-level travel time spent in this place.
 C = Inter-level travel time spent in this place.
 D = Time resting spent in this place.
 E = Time spent auto-exploring this place.
 F = Levels seen in this place.
 G = Mean time per level.
                   A        B        C        D        E       F      G
               +--------+--------+--------+--------+--------+-----+--------+
         Total |   9580 |   9220 |    360 |   2283 |   3885 |  10 |  958.0 |
       Dungeon |   9481 |   9127 |    354 |   2283 |   3825 |   8 | 1185.1 |
        Temple |     55 |     49 |      6 |      0 |     48 |   1 |   55.0 |
         Abyss |     43 |     43 |      0 |      0 |     12 |   1 |   43.0 |
               +--------+--------+--------+--------+--------+-----+--------+

Top non-repeatable levels by time:
     D:5: 2006 daAuts
     D:1: 1811 daAuts
     D:7: 1330 daAuts
     D:3: 1175 daAuts
     D:2: 1098 daAuts
     D:6: 1019 daAuts
     D:4: 807 daAuts
     D:8: 233 daAuts
  Temple: 55 daAuts
 Abyss:1: 43 daAuts
